 Dungeon Crawl Stone Soup version 0.28.0-53-g5a82cb258f (webtiles) character file.

Game seed: 14216894908111231533

67 Jerry the Chucker (level 3, -3/35 HPs)
             Began as a Troll Hunter on June 23, 2022.
             Slain by Natasha (6 damage)
             ... on level 2 of the Dungeon.
             The game lasted 00:03:14 (1184 turns).

Jerry the Chucker (Troll Hunter)                    Turns: 1184, Time: 00:03:16

Health: -3/35      AC:  4    Str: 20    XL:     3   Next: 98%
Magic:  2/2        EV: 10    Int:  7    God:
Gold:   72         SH:  0    Dex: 12    Spells: 2/2 levels left

rFire   . . .      SeeInvis .   g - +0 whip
rCold   . . .      Faith    .   (no shield)
rNeg    . . .      Spirit   .   b - +0 robe
rPois   .          Reflect  .   (helmet restricted)
rElec   .          Harm     .   (no cloak)
rCorr   .          Rampage  .   (gloves unavailable)
Will    .....                   (boots unavailable)
Stlth   +.........              (no amulet)
HPRegen 0.91/turn               (no ring)
MPRegen 0.08/turn               (no ring)

@: slowed, very slow
A: large, unfitting armour, claws 3, regeneration 1, shaggy fur 1, tough skin 1
a: no special abilities


You were on level 2 of the Dungeon.
You visited 1 branch of the dungeon, and saw 2 of its levels.

You collected 72 gold pieces.

Inventory:

Hand Weapons
 g - a +0 whip (weapon)
Missiles
 c - 2 large rocks (quivered)
 d - 2 throwing nets
Armour
 b - a +0 robe (worn)
Jewellery
 f - a ring of wizardry
Scrolls
 a - a scroll of fear {unknown}
 e - a scroll of fog {unknown}
Potions
 h - a potion of lignification {unknown}
 i - a potion of curing {unknown}


   Skills:
 + Level 2.1 Fighting
 * Level 1.7 Maces & Flails
 + Level 4.0 Throwing
 + Level 2.1 Dodging
 - Level 0.3 Stealth


You had 2 spell levels left.
You didn't know any spells.
Your spell library was empty.

Dungeon Overview and Level Annotations

Branches:
Dungeon (2/15)

Altars:

Annotations:
D:2 Natasha


Innate Abilities, Weirdness & Mutations

You are too large for most types of armour.
You have claws for hands.
Your natural rate of healing is unusually fast.
You are covered in fur. (AC +1)
You have tough skin. (AC +1)


Message History

The magic dart hits you! Natasha closely misses you.
You miss Natasha.
Natasha is almost dead.
An orc comes into view. It is wielding a +0 war axe.
Natasha claws you.
The orc moves out of view.
You barely miss Natasha.
Natasha is almost dead.
Natasha closely misses you. Natasha claws you.
You barely miss Natasha.
Natasha is almost dead.
Natasha barely misses you.
You barely miss Natasha.
Natasha is almost dead.
Natasha stares at you and mumbles some strange words.
You feel as though you will be slow longer.
Natasha claws you but does no damage.
You closely miss Natasha.
Natasha is almost dead.
The orc shouts!
Natasha claws you.
You closely miss Natasha.
Natasha is almost dead.
Natasha claws you. Natasha casts a spell at you. The magic dart hits you!
* * * LOW HITPOINT WARNING * * *
You closely miss Natasha.
Natasha is almost dead.
Natasha closely misses you. Natasha claws you.
* * * LOW HITPOINT WARNING * * *
You hit Natasha but do no damage.
Natasha is almost dead.
Natasha casts a spell.
You barely miss Natasha.
Natasha is almost dead.
Natasha casts a spell at you. The magic dart hits you!
* * * LOW HITPOINT WARNING * * *
The crimson imp barely misses you. Natasha claws you.
You die...

#.......# #...... #.....((##
#...... #........... #......
#######.##'#.###### ####....
.............#....####.......
#######....(.#....##.........
#..........o#....##......#..
+...<..##.#h#....##.........
#......# .#@#....†.........>
#.........#5#.#+#.#.....##..
#...^..####.#.#...#.....##..
###+#### #.#.#########.##..
#.#.#.......#.##..
#.#.#.#<##.##.####
#.#.#.#.....#.#
#.#.#.#..#..#.#
#.#.#.#..#..#.#


You could see Natasha, a crimson imp (summoned) and an orc.

Vanquished Creatures
  Natasha (D:2)
  An adder (D:2)
  4 orcs (D:2)
  3 endoplasms
  A giant cockroach (D:2)
  A hobgoblin (D:1)
  3 kobolds
  2 quokkas (D:1)
  2 ball pythons (D:1)
  2 bats
  A frilled lizard (D:1)
  6 goblins
  2 rats (D:2)
29 creatures vanquished.

Notes
Turn   | Place    | Note
-------+----------+-------------------------------------------
     0 | D:1      | Jerry the Troll Hunter began the quest for the Orb.
     0 | D:1      | Reached XP level 1. HP: 19/19 MP: 0/0
   192 | D:1      | Reached XP level 2. HP: 24/28 MP: 1/1
   795 | D:2      | Reached skill level 1 in Maces & Flails
   894 | D:2      | Reached XP level 3. HP: 34/35 MP: 2/2
   963 | D:2      | Noticed Natasha
   987 | D:2      | Killed Natasha
  1087 | D:2      | Reached skill level 4 in Throwing
  1159 | D:2      | Noticed Natasha
  1184 | D:2      | Slain by Natasha

Illustrated notes

Levels and vault maps discovered:
D:1:      dpeg_arrival_chambers_temple_mockup, layout_basic,
          minmay_misc_feat_roman
D:2:      layout_basic, uniq_natasha

Skill      XL: |  1  2  3 |
---------------+----------+-----
Maces & Flails | 1 |  1.7
Fighting       | 2 |  2.1
Dodging        | 2 |  2.1
Throwing       | 4 |  4.0
Stealth        | |  0.3

Action                   || total
-------------------------++-------
Melee: Short sword       ||    41
       Whip              ||   142
       Punch             ||     2
Throw: Large rock        ||     3
       Throwing net      ||     3
Armor: Robe              ||    60
Dodge: Dodged            ||   110
